 Dungeon Crawl Stone Soup version 0.15.1-1-gfacfea3 (webtiles) character file.

177 Johnny the Chiller (level 5, -3/40 HPs)
             Began as a Demigod Ice Elementalist on Sept 26, 2014.
             Slain by a shadow imp (5 damage)
             ... summoned by miscasting Summon Ice Beast
             ... on Level 3 of the Dungeon.
             The game lasted 00:08:01 (3512 turns).

Johnny the Chiller (Demigod Ice Elementalist)       Turns: 3512, Time: 00:08:02

HP  -3/40        AC  5     Str 13      XL: 5   Next:  9%
MP  12/14        EV  9     Int 20      God:
Gold 128         SH  0     Dex 16      Spells:  2 memorised,  5 levels left

rFire  . . .     SeeInvis .     j - +3 whip
rCold  . . .     Clarity  .     k - +0 ring mail
rNeg   . . .     rCorr    .     (no shield)
rPois  .         rRot     .     (no helmet)
rElec  .         Spirit   .     (no cloak)
SustAb .         Warding  .     (no gloves)
rMut   +         Stasis   .     (no boots)
Gourm  .                        h - amulet of resist mutation
MR     .....                    (no ring)
                                (no ring)

@: very slightly contaminated, not resistant to hostile enchantments, unstealthy
A: no striking features
a: no special abilities


You were on level 3 of the Dungeon.
You were not hungry.

You visited 1 branch of the dungeon, and saw 3 of its levels.

You collected 128 gold pieces.

Inventory:

Hand weapons
 e - a +0 club
 j - a +3 whip (weapon)
 m - a +0 vampiric scythe
Missiles
 d - 14 stones (quivered)
Armour
 a - a +0 robe
 k - a +0 ring mail (worn)
Comestibles
 c - a meat ration
Scrolls
 f - a scroll of enchant weapon
 n - a scroll of identify
 o - 2 scrolls of remove curse
 s - a scroll of enchant armour {unknown}
Jewellery
 h - an amulet of resist mutation (around neck)
 r - an uncursed ring of poison resistance {unknown}
Books
 b - a book of Frost

   Spells                             Type                      Level
   *Freeze                            Ice                          1
   Throw Frost                        Conjuration/Ice              2
   Ozocubu's Armour                   Charms/Ice                   3
   Throw Icicle                       Conjuration/Ice              4
   *Summon Ice Beast                  Ice/Summoning                4
   Condensation Shield                Ice                          4


   Skills:
 + Level 1.3 Fighting
 + Level 1.2 Armour
 + Level 2.3 Dodging
 + Level 2.3 Stealth
 * Level 3.0 Spellcasting
   Level 0.8 Conjurations
 * Level 3.4 Ice Magic


You had 5 spell levels left.
You knew the following spells:

 Your Spells              Type           Power        Failure   Level  Hunger
a - Freeze                Ice            ###.         6%          1    None
b - Summon Ice Beast      Ice/Summ       #.......     92%         4    ####...


Dungeon Overview and Level Annotations

Branches:
Dungeon (3/15)


Message History

You are too injured to fight recklessly!
You are too injured to fight recklessly!
Your ring mail prevents you from hitting the crimson imp.
The crimson imp is moderately wounded.
The crimson imp hits you but does no damage.
The shadow imp hits you.
* * * LOW HITPOINT WARNING * * *
You miss the crimson imp.
The crimson imp is lightly wounded.
The crimson imp hits you.
* * * LOW HITPOINT WARNING * * *
The shadow imp barely misses you.
You hit the shadow imp but do no damage.
The shadow imp hits you but does no damage.
The crimson imp closely misses you.
Your ring mail prevents you from hitting the shadow imp.
The crimson imp hits you.
* * * LOW HITPOINT WARNING * * *
The shadow imp hits you.
You die...

#..,,#§S§§§§......#*,,,,,,* *
#.,,,+§§§§....#####*,***,,* *
#,,,,#§§§%.S..# *,* *,,* *
*,,,,#§§§..{..# *,***,,* **
*,,,,#.......l####
*,*,,,,******,
**,**##+##.....o.#
*,***,***,,,,, *,* *,*#....##l#
*,*,,,***,,,,, *,*
*,*#....##5###.#,,,,,,,,,,, *,*
*,*#....##@5...#,,,,,,,,,,,
*,****,*###..########,,,,,,,,**,
*,*,,,,* #........#*,,,,,,,,**,
*,*,**** ###.####.#**#..,,,,,,,
*,*,*########..###.# #.#,,,,***
*,*,,..............# #.#,,,,*
*,***#########..#### #.#,,,,*
**,* ###.### #.#,,,,*
**,**#########.....# #.#*****


You could see a crimson imp, a shadow imp, an orc and a giant gecko.

Vanquished Creatures
  Sigmund (D:2)
  3 adders (D:2)
  2 worms (D:2)
  An orc (D:3)
  A giant cockroach (D:3)
  8 hobgoblins
  4 jackals (D:1)
  A ball python (D:2)
  9 bats
  6 giant newts
  9 goblins
  13 kobolds
  2 quokkas (D:2)
  6 rats
66 creatures vanquished.

Notes
Turn   | Place    | Note
--------------------------------------------------------------
     0 | D:1      | Johnny, the Demigod Ice Elementalist, began the quest for the Orb.
     0 | D:1      | Reached XP level 1. HP: 14/14 MP: 3/3
   734 | D:1      | Reached XP level 2. HP: 18/20 MP: 5/5
  1681 | D:1      | Reached XP level 3. HP: 17/27 MP: 8/8
  2069 | D:2      | Reached skill level 3 in Ice Magic
  2479 | D:2      | Reached XP level 4. HP: 11/34 MP: 5/11
  2754 | D:2      | Reached skill level 1 in Fighting
  2803 | D:2      | Noticed Sigmund
  2817 | D:2      | Killed Sigmund
  2817 | D:2      | Reached skill level 1 in Armour
  3051 | D:2      | Reached XP level 5. HP: 22/40 MP: 14/14
  3302 | D:3      | Learned a level 4 spell: Summon Ice Beast
  3512 | D:3      | HP: 2/40 [crimson imp[miscasting Summon Ice Beast] (1)]
  3512 | D:3      | Slain by a shadow imp

Action                   |  1- 3 |  4- 6 || total
-------------------------+-------+-------++-------
Melee: Club              |    70 |       ||    70
       Whip              |    47 |    26 ||    73
       Scythe            |       |    52 ||    52
Throw: Stone             |    14 |       ||    14
 Cast: Freeze            |    40 |    12 ||    52
  Use: Scroll            |     1 |     5 ||     6
       Potion            |       |     1 ||     1
 Stab: Sleeping          |       |     2 ||     2
  Eat: Chunk             |     5 |     1 ||     6
       Beef jerky        |       |     2 ||     2
       Bread ration      |       |     1 ||     1
